[Event "Titled Tuesday Blitz November 15 Late 2022"]
[White "Yuan, Qingyu"]
[Black "Sivakumar, Shaaketh"]
[WhiteFideId "8609772"]
[BlackFideId "30940176"]
[WhiteElo "2359"]
[BlackElo "2174"]
[Result "1-0"]
[Round "03"]
[TimeControl "180+1"]
[Date "2022.11.16"]
[WhiteClock "0:00:26"]
[BlackClock "0:00:43"]

1. e4 e6 2. d4 d5 3. e5 c5 4. c3 Nc6 5. Nf3 Qb6 6. Bd3 c4 7. Bc2 Bd7 8. Ng5 Be7 9. Nxh7 g6 10. Ng5 Rh5 11. Nf3 O-O-O 12. Nbd2 f5 13. Nf1 Rh7 14. Rb1 Qa6 15. b3 Nh6 16. Ng5 Nf7 17. Nxh7 cxb3 18. axb3 Ncxe5 19. dxe5 Nxe5 20. Qe2 Qd6 21. Bf4 Nd3+ 22. Bxd3 Qxf4 23. Qe3 Qh4 24. Qxa7 Qxh7 25. Nd2 Qg7 26. Qa8+ Kc7 27. Qa5+ b6 28. Qa7+ Kc6 29. Nf3 Qxc3+ 30. Ke2 Qb4 31. Ne5+ Kd6 32. Nf7+ Kc5 33. Rhc1+ Kd4 34. Nxd8 Bg5 35. Rd1 Kc3 36. Qc7+ Qc5 37. Rbc1+ 1-0


[Site "https://www.chess.com"]

[Event "Titled Tuesday Blitz November 15 Late 2022"]
[White "Yurovskykh, Oleksandr"]
[Black "Grigorov, Grigor"]
[WhiteFideId "14134020"]
[BlackFideId "2907313"]
[WhiteElo "2265"]
[BlackElo "2510"]
[Result "0-1"]
[Round "03"]
[TimeControl "180+1"]
[Date "2022.11.15"]
[WhiteClock "0:00:07"]
[BlackClock "0:00:05"]

1. d4 Nf6 2. Nf3 e6 3. Bf4 c5 4. c3 cxd4 5. cxd4 Bb4+ 6. Nbd2 O-O 7. e3 Nc6 8. a3 Be7 9. h3 b6 10. Bd3 Bb7 11. O-O Nd5 12. Bh2 f5 13. Rc1 Rc8 14. Qe2 Qe8 15. Ba6 Bxa6 16. Qxa6 Qg6 17. Qe2 Qh5 18. Qd3 g5 19. Ne5 Nxe5 20. Bxe5 g4 21. hxg4 Qxg4 22. Rxc8 Rxc8 23. f3 Qg5 24. Re1 Kf7 25. e4 Nf4 26. Bxf4 Qxf4 27. Nf1 Bf6 28. d5 Rc7 29. g3 fxe4 30. Rxe4 Qg5 31. dxe6+ dxe6 32. Kg2 Qd5 33. Qxd5 exd5 34. Re2 d4 35. Rd2 Ke6 36. Nh2 h5 37. f4 Kd5 38. Nf3 Ke4 39. Kf2 d3 40. Ne1 Rd7 41. Nf3 a5 42. Ne1 Bd4+ 43. Kf1 Be3 44. Rd1 d2 45. Ng2 Kf3 46. Nh4+ Kxg3 47. Nf5+ Kxf4 48. Ke2 Kxf5 49. Kxe3 h4 50. Ke2 h3 51. Rf1+ Kg4 52. Kd1 h2 0-1


[Site "https://www.chess.com"]

[Event "Titled Tuesday Blitz November 15 Late 2022"]
[White "Zanette, Edgard Vinicius"]
[Black "Shuvalova, Polina"]
[WhiteFideId "2109263"]
[BlackFideId "24171760"]
[WhiteElo "2211"]
[BlackElo "2342"]
[Result "0-1"]
[Round "03"]
[TimeControl "180+1"]
[Date "2022.11.16"]
[WhiteClock "0:00:09"]
[BlackClock "0:00:12"]

1. e4 c5 2. Nc3 Nc6 3. f4 g6 4. Nf3 Bg7 5. Bb5 Qc7 6. d3 e6 7. O-O Nge7 8. Be3 b6 9. e5 Bb7 10. Ne4 Nf5 11. Bf2 a6 12. Ba4 h5 13. c3 d5 14. exd6 Nxd6 15. Qe2 O-O 16. Nxd6 Qxd6 17. Bg3 Rad8 18. Rad1 Qd5 19. Bb3 Qf5 20. Bc2 Qd5 21. Bb3 Qd7 22. Ne5 Qe7 23. Rfe1 Ba8 24. Nxf7 Rxf7 25. Bxe6 Kh7 26. f5 Qf6 27. fxg6+ Qxg6 28. Bxf7 Qxf7 29. Rf1 Qg6 30. Bh4 Re8 31. Qf2 Ne5 32. Qg3 Ng4 33. h3 Re3 34. Qf4 Ne5 35. Rf2 Rxd3 36. Re1 Nf3+ 37. Kh1 Nxe1 0-1


[Site "https://www.chess.com"]

[Event "Titled Tuesday Blitz November 15 Late 2022"]
[White "Zhalmakhanov, Ramazan"]
[Black "Bogaudinov, Rushan"]
[WhiteFideId "13706357"]
[BlackFideId "4129288"]
[WhiteElo "2405"]
[BlackElo "1997"]
[Result "1-0"]
[Round "03"]
[TimeControl "180+1"]
[Date "2022.11.16"]
[WhiteClock "0:00:19"]
[BlackClock "0:00:39"]

1. e4 c5 2. Nc3 Nc6 3. Bb5 Nd4 4. Nf3 Nxb5 5. Nxb5 a6 6. Nc3 e6 7. d4 cxd4 8. Qxd4 Ne7 9. Bf4 Nc6 10. Qd2 Bb4 11. a3 Be7 12. O-O-O b5 13. Bd6 O-O 14. Rhe1 Qa5 15. Bxe7 Nxe7 16. Qd6 Nc6 17. Nd4 b4 18. Nxc6 dxc6 19. axb4 Qg5+ 20. f4 Qxg2 21. Qe7 Qxh2 22. Rd8 Bb7 23. Qxf8# 1-0


[Site "https://www.chess.com"]

[Event "Titled Tuesday Blitz November 15 Late 2022"]
[White "Zhigalko, Sergei"]
[Black "Naroditsky, Daniel"]
[WhiteFideId "13502956"]
[BlackFideId "2026961"]
[WhiteElo "2662"]
[BlackElo "2628"]
[Result "1/2-1/2"]
[Round "03"]
[TimeControl "180+1"]
[Date "2022.11.15"]
[WhiteClock "0:00:10"]
[BlackClock "0:00:42"]

1. e4 Nc6 2. Nf3 d6 3. d4 Nf6 4. Nc3 g6 5. Bb5 a6 6. Bxc6+ bxc6 7. O-O Bg7 8. Re1 O-O 9. h3 Nd7 10. e5 Nb6 11. Bg5 f6 12. Bh4 Bb7 13. Qe2 Qd7 14. Rad1 a5 15. a4 fxe5 16. dxe5 c5 17. Ne4 Nd5 18. b3 Kh8 19. c4 Nf4 20. Qe3 Qe8 21. Bg5 Qf7 22. Bxf4 Qxf4 23. Qxf4 Rxf4 24. Neg5 Bxf3 25. Nxf3 Kg8 26. exd6 exd6 27. Re7 Rf7 28. Rde1 Bf6 29. Re8+ Rf8 30. Rxf8+ Kxf8 31. Re3 Rb8 32. Kf1 c6 33. Ke2 Kf7 34. Kd2 d5 35. Ne5+ Bxe5 36. Rxe5 Kf6 37. f4 Rxb3 38. cxd5 cxd5 39. Rxd5 Rb2+ 40. Ke3 Rxg2 41. Rxc5 Rg3+ 42. Ke4 Rxh3 43. Rxa5 Ra3 44. Ra6+ Kg7 45. Ra7+ Kf6 46. Rxh7 Rxa4+ 47. Kf3 g5 48. fxg5+ Kxg5 49. Rb7 Rf4+ 50. Ke3 Rf5 51. Rb3 Kg4 52. Rd3 Rf3+ 53. Kd2 Rxd3+ 54. Kxd3 1/2-1/2


[Site "https://www.chess.com"]

[Event "Titled Tuesday Blitz November 15 Late 2022"]
[White "chess50years"]
[Black "Vujic, Mihailo"]
[BlackFideId "918873"]
[WhiteElo "2134"]
[BlackElo "2256"]
[Result "0-1"]
[Round "03"]
[TimeControl "180+1"]
[Date "2022.11.16"]
[WhiteClock "0:00:04"]
[BlackClock "0:00:20"]

1. c4 e5 2. g3 Nc6 3. Bg2 Nf6 4. Nc3 Bc5 5. e3 d5 6. cxd5 Nb4 7. d3 Nbxd5 8. a3 Bb6 9. Nf3 Nxc3 10. bxc3 Qe7 11. Nd2 O-O 12. O-O c6 13. a4 Bf5 14. d4 e4 15. Ba3 c5 16. Nc4 Rad8 17. a5 Bc7 18. Bxc5 Qe6 19. Bxf8 Qxc4 20. Bb4 Bg4 21. Qb1 Bf3 22. Qa2 Qc6 23. Be7 Rd5 24. Bxf6 Bxg2 25. Kxg2 gxf6 26. Qe2 h5 27. f3 exf3+ 28. Rxf3 h4 29. Raf1 h3+ 30. Kh1 Bxa5 31. Rxf6 Rd6+ 32. R6f3 Qxc3 33. Rxf7 Qc6+ 34. Qf3 Qxf3+ 35. R7xf3 Rd7 36. Kg1 b5 37. Rb1 b4 38. Kf2 Rb7 39. g4 Bc7 40. Rxh3 a5 41. e4 a4 42. Ke2 b3 43. Rc3 Ba5 44. Rc4 a3 45. Ra4 a2 46. Rd1 Bc3 47. d5 b2 48. Rxa2 b1=Q 49. Rxb1 Rxb1 50. Kd3 Be5 51. Ra8+ Kf7 52. Ra6 Bxh2 53. Rh6 Rd1+ 54. Ke2 Rd4 55. Rxh2 Rxe4+ 56. Kf3 Rd4 57. Rh5 Kg6 58. Rf5 Rd1 59. Ke3 Rg1 60. Kf4 Rf1+ 61. Ke5 Rg1 62. Rf6+ Kg7 63. Rf2 Rxg4 64. d6 Rg1 65. Ke6 Re1+ 66. Kd7 Kg6 0-1


[Site "https://www.chess.com"]

[Event "Titled Tuesday Blitz November 15 Late 2022"]
[White "vjecspec"]
[Black "Jobava, Baadur"]
[BlackFideId "13601520"]
[WhiteElo "2525"]
[BlackElo "2582"]
[Result "0-1"]
[Round "03"]
[TimeControl "180+1"]
[Date "2022.11.16"]
[WhiteClock "0:01:27"]
[BlackClock "0:00:57"]

1. e4 c6 2. Nf3 d5 3. d3 dxe4 4. dxe4 Qxd1+ 5. Kxd1 Nf6 6. Nfd2 e5 7. f3 Be6 8. Bc4 Bxc4 9. Nxc4 Nbd7 10. a4 Bc5 11. Ke2 Ke7 12. c3 Ke6 13. b4 Be7 14. Be3 Rhd8 15. Nbd2 b6 16. Rhd1 Ne8 17. a5 b5 18. Nb2 c5 19. Nd3 c4 20. Nf2 a6 21. g4 g6 22. g5 f5 23. gxf6 Nexf6 24. Nf1 Nh5 25. Ng3 Nf4+ 26. Bxf4 exf4 27. Nf1 Ne5 28. h3 h5 29. Rd4 Nc6 30. Rdd1 Bf6 31. Rxd8 Rxd8 32. Rc1 Bh4 33. Rd1 Rxd1 34. Nxd1 Ne5 35. Nb2 Bf6 36. Nd1 Nd3 37. Nd2 Be5 38. Nb1 Kf6 39. Kf1 Kg5 40. Kg2 Kh4 41. Nf2 Nxf2 42. Kxf2 Kxh3 0-1


[Site "https://www.chess.com"]

[Event "Titled Tuesday Blitz November 15 Late 2022"]
[White "Aggelis, Nikolaos"]
[Black "Horcajuelo Rocamora, Martin"]
[WhiteFideId "4213220"]
[BlackFideId "24573027"]
[WhiteElo "2189"]
[BlackElo "2094"]
[Result "0-1"]
[Round "04"]
[TimeControl "180+1"]
[Date "2022.11.16"]
[WhiteClock "0:00:13"]
[BlackClock "0:01:08"]

1. d4 c5 2. d5 Nf6 3. Nc3 e6 4. e4 exd5 5. exd5 d6 6. Be2 g6 7. Nf3 Bg7 8. O-O O-O 9. Nd2 a6 10. a4 Nbd7 11. Nc4 Nb6 12. Ne3 Re8 13. a5 Nbd7 14. Nc4 Ne5 15. Nb6 Rb8 16. Bf4 h6 17. h3 g5 18. Bh2 Ng6 19. Re1 Bf5 20. Nc4 Bf8 21. g4 Bc8 22. Bf3 Rxe1+ 23. Qxe1 Qc7 24. Qd2 Bd7 25. Re1 Re8 26. Rxe8 Bxe8 27. Qe3 Bb5 28. Nb6 Nd7 29. Nxd7 Qxd7 30. Ne4 Kh8 31. Nf6 Qd8 32. Nh5 Bg7 33. Nxg7 Kxg7 34. Qc3+ f6 35. Be4 Ne5 36. Bf5 Bd7 37. Bxe5 fxe5 38. Qd3 Bxf5 39. Qxf5 Qc7 40. Qe6 Qxa5 41. Qxd6 Qe1+ 42. Kg2 Qe4+ 43. Kf1 Qh1+ 44. Ke2 Qe4+ 45. Kd2 Qd4+ 46. Ke1 Qe4+ 47. Kd1 Qf3+ 48. Kc1 Qe2 49. Qxc5 Qe1# 0-1


[Site "https://www.chess.com"]

[Event "Titled Tuesday Blitz November 15 Late 2022"]
[White "Allahverdiyeva, Ayan"]
[Black "Sivakumar, Shaaketh"]
[WhiteFideId "13412590"]
[BlackFideId "30940176"]
[WhiteElo "2021"]
[BlackElo "2174"]
[Result "1-0"]
[Round "04"]
[TimeControl "180+1"]
[Date "2022.11.16"]
[WhiteClock "0:00:17"]
[BlackClock "0:00:04"]

1. e4 e6 2. d4 d5 3. Nd2 c5 4. exd5 cxd4 5. Ngf3 exd5 6. Bb5+ Nc6 7. Nxd4 Bd7 8. N2b3 Bd6 9. O-O Nge7 10. Re1 O-O 11. Bg5 h6 12. Bh4 Qc7 13. Bxe7 Nxe7 14. Bxd7 Qxd7 15. Qf3 Rac8 16. c3 Ng6 17. h3 Ne5 18. Qf5 Qc7 19. Nb5 g6 20. Qf6 Qb6 21. Qxd6 Qxb5 22. Qxe5 Rc4 23. Nd4 Qxb2 24. Qxd5 Qxc3 25. Rad1 Rc5 26. Qxb7 Ra5 27. Nc6 Rxa2 28. Ne7+ Kg7 29. Nd5 Qc5 30. Rf1 Rd8 31. Qb3 Ra3 32. Qb2+ f6 33. Qxf6+ Kh7 34. Qxd8 Rb3 35. Nf6+ Kg7 36. Rd7+ 1-0


[Site "https://www.chess.com"]

[Event "Titled Tuesday Blitz November 15 Late 2022"]
[White "Andreikin, Dmitry"]
[Black "Har-Zvi, Ronen"]
[WhiteFideId "4158814"]
[BlackFideId "2801485"]
[WhiteElo "2736"]
[BlackElo "2523"]
[Result "1/2-1/2"]
[Round "04"]
[TimeControl "180+1"]
[Date "2022.11.15"]
[WhiteClock "0:00:08"]
[BlackClock "0:00:07"]

1. d4 d5 2. c4 dxc4 3. e4 Nf6 4. e5 Nd5 5. Bxc4 Nc6 6. Nf3 Bg4 7. Nc3 e6 8. O-O Nb6 9. Bb5 Be7 10. h3 Bh5 11. Be3 O-O 12. Bxc6 bxc6 13. Ne4 Qd5 14. Qc2 Bg6 15. Nfd2 f5 16. Nc3 Qd7 17. f4 Rfd8 18. Rac1 Rab8 19. a3 h6 20. b4 Kh7 21. Nd1 Be8 22. Nb3 Nd5 23. Bd2 Qc8 24. Na5 Qa6 25. Ne3 Nxe3 26. Bxe3 c5 27. dxc5 Rd3 28. Bd2 Rxa3 29. Ra1 Qd3 30. Qxd3 Rxd3 31. Be1 Bb5 32. Rf3 Rxf3 33. gxf3 Rd8 34. Nb7 Rd3 35. Bf2 a6 36. Rc1 Rxf3 37. Nd6 Rxf4 38. Nxb5 axb5 39. Rd1 Bh4 40. Bxh4 Rxh4 41. Rd7 Rxb4 42. Rxc7 Rc4 43. Rc6 b4 44. Rxe6 Rxc5 45. Re8 b3 46. Rb8 Rxe5 47. Rxb3 Kg6 48. Kg2 Kg5 49. Rb6 g6 50. Kg3 Re3+ 51. Kg2 h5 52. h4+ Kxh4 53. Rxg6 f4 54. Rf6 Rg3+ 55. Kf2 Kg5 56. Rf8 Ra3 57. Rg8+ Kf5 58. Rf8+ Kg4 59. Rg8+ Kh3 60. Rf8 Ra4 61. Kf3 h4 62. Rh8 Rb4 63. Rh7 Rb1 64. Kxf4 Rf1+ 65. Ke3 Kg3 66. Rg7+ Kh2 67. Ke2 Rf6 68. Ke3 h3 69. Ke2 Kh1 70. Ke1 Rf5 71. Ke2 Kh2 72. Ke1 Rf3 73. Ke2 Rg3 74. Rf7 Kh1 75. Rf1+ Rg1 76. Rf8 Rg2+ 77. Kf1 Kh2 78. Rh8 Rg5 79. Rh7 Rf5+ 80. Ke2 Kg3 81. Rg7+ Kh4 82. Rh7+ Kg3 83. Rg7+ Kh2 84. Rg8 Rf4 85. Rg7 Rf5 1/2-1/2


[Site "https://www.chess.com"]

[Event "Titled Tuesday Blitz November 15 Late 2022"]
[White "Arbunic Castro, Giovanna"]
[Black "Urbina Perez, Juan Antonio"]
[WhiteFideId "3400549"]
[BlackFideId "2217368"]
[WhiteElo "1940"]
[BlackElo "2197"]
[Result "0-1"]
[Round "04"]
[TimeControl "180+1"]
[Date "2022.11.16"]
[WhiteClock "0:00:12"]
[BlackClock "0:01:22"]

1. e4 c5 2. g3 Nc6 3. Bg2 g6 4. Ne2 Bg7 5. c3 e6 6. O-O Nge7 7. d4 cxd4 8. cxd4 d5 9. exd5 Nxd5 10. Nbc3 O-O 11. Nxd5 exd5 12. Be3 Bg4 13. f3 Be6 14. Nf4 Qd7 15. Nxe6 Qxe6 16. Re1 Rfe8 17. Qd2 Qf5 18. g4 Qd7 19. Rac1 Rxe3 20. Rxe3 Bxd4 21. Kf2 Re8 22. Re1 Rxe3 23. Rxe3 Qd8 24. Kg3 Qd6+ 25. Kh3 Bxe3 26. Qxe3 d4 27. Qd3 Ne5 28. Qe4 d3 29. f4 Nc6 30. Bf3 d2 31. Bd1 Nb4 32. a3 Qd3+ 33. Qxd3 Nxd3 34. Kg3 Nxb2 35. Kf2 Nxd1+ 36. Ke2 Ne3 37. Kxd2 Nxg4 38. h3 Nf2 39. h4 Kg7 40. Ke3 Ng4+ 41. Kd4 Kf6 42. Kd5 Ne3+ 43. Kd6 Nc4+ 44. Kc7 Nxa3 45. Kxb7 Kf5 46. Kxa7 Kxf4 0-1


[Site "https://www.chess.com"]

[Event "Titled Tuesday Blitz November 15 Late 2022"]
[White "Ardila, Oscar Humberto"]
[Black "Sokolovsky, Yahli"]
[WhiteFideId "4404742"]
[BlackFideId "2820242"]
[WhiteElo "1959"]
[BlackElo "2316"]
[Result "0-1"]
[Round "04"]
[TimeControl "180+1"]
[Date "2022.11.16"]
[WhiteClock "0:00:12"]
[BlackClock "0:02:14"]

1. d4 d6 2. c4 e5 3. dxe5 dxe5 4. Qc2 Nc6 5. e3 Nb4 6. Qb3 Bf5 7. Na3 Nd3+ 8. Bxd3 Qxd3 9. Ne2 O-O-O 10. Ng3 Bb4+ 11. Bd2 Bxd2+ 12. Kd1 Bc3+ 13. Kc1 Qd2# 0-1


[Site "https://www.chess.com"]

[Event "Titled Tuesday Blitz November 15 Late 2022"]
[White "Averjanov, Alexey"]
[Black "Foerster-Yialamas, Lucas"]
[WhiteFideId "14109867"]
[BlackFideId "30901774"]
[WhiteElo "2613"]
[BlackElo "2067"]
[Result "0-1"]
[Round "04"]
[TimeControl "180+1"]
[Date "2022.11.16"]
[WhiteClock "0:00:07"]
[BlackClock "0:00:25"]

1. d4 Nf6 2. c4 g6 3. Nc3 Bg7 4. e4 d6 5. Be2 Nbd7 6. Nf3 b6 7. O-O Bb7 8. Qc2 O-O 9. e5 dxe5 10. dxe5 Ng4 11. e6 fxe6 12. Ng5 Rxf2 13. Rxf2 Nxf2 14. Nxe6 Qe8 15. Nxg7 Qf7 16. Be3 Nh3+ 17. gxh3 Qxg7 18. Rf1 Ne5 19. Nd5 c6 20. Nf4 Bc8 21. Qc3 c5 22. Nd5 Bb7 23. Bf4 Nc6 24. Qxg7+ Kxg7 25. Nc7 Rc8 26. Ne6+ Kg8 27. Bh6 Ne5 28. Bg7 Nf7 29. Bc3 a6 30. Bf3 Bxf3 31. Rxf3 b5 32. b3 bxc4 33. bxc4 Nd6 34. Rf4 h6 35. Be5 g5 36. Rg4 Kf7 37. Bxd6 exd6 38. Re4 Re8 39. Nxc5 dxc5 40. Rxe8 Kxe8 41. Kg2 Ke7 42. h4 Ke6 43. hxg5 hxg5 44. Kf3 Ke5 45. Kg4 Kf6 46. Kh5 Kf5 47. h3 Kf6 48. Kh6 Kf5 49. Kg7 g4 50. hxg4+ Kxg4 51. Kf6 Kf4 52. Ke6 Ke4 53. Kd6 Kd4 54. Kc6 Kxc4 55. Kb6 Kd4 56. Kxa6 c4 57. a4 c3 58. a5 c2 59. Kb7 c1=Q 60. a6 Qb2+ 61. Ka8 Qc3 62. Kb8 Qb4+ 63. Ka8 Qc5 64. a7 Qc8# 0-1


[Site "https://www.chess.com"]

[Event "Titled Tuesday Blitz November 15 Late 2022"]
[White "Babazada, Khazar"]
[Black "Hakobyan, Aram"]
[WhiteFideId "13413554"]
[BlackFideId "13306677"]
[WhiteElo "2359"]
[BlackElo "2563"]
[Result "1/2-1/2"]
[Round "04"]
[TimeControl "180+1"]
[Date "2022.11.15"]
[WhiteClock "0:00:14"]
[BlackClock "0:00:03"]

1. d4 Nf6 2. c4 e6 3. Nc3 Bb4 4. e3 Bxc3+ 5. bxc3 c5 6. Bd3 d6 7. Ne2 Nc6 8. O-O e5 9. d5 Ne7 10. e4 Ng6 11. Ng3 O-O 12. Nf5 Bxf5 13. exf5 Ne7 14. Bg5 Kh8 15. Bxf6 gxf6 16. Qh5 Rg8 17. Qh6 Qf8 18. Qxf6+ Qg7 19. Qxg7+ Kxg7 20. f4 Kf6 21. fxe5+ dxe5 22. Be4 Nc8 23. d6 Nxd6 24. Bd5 e4 25. Rf4 Rae8 26. Re1 Re5 27. Rh4 Kg7 28. f6+ Kxf6 29. Rxh7 Ke7 30. a4 Rg4 31. Re3 Rf4 32. h4 b6 33. g3 Rg4 34. Kg2 Kf8 35. Rh8+ Kg7 36. Kh3 Rg6 37. Ra8 Nf5 38. Rxe4 Rxg3+ 39. Kh2 Re3 40. Rxe5 Rxe5 41. Rxa7 Nd6 42. Rd7 Re2+ 43. Kg1 Nf5 44. Rxf7+ Kg6 45. Rb7 Ne3 46. Rxb6+ Kf5 47. Re6 Kf4 48. a5 Ra2 49. Re4+ Kf3 50. Re6+ Kf4 51. Re4+ Kf3 52. Re6+ Kf4 1/2-1/2


[Site "https://www.chess.com"]

[Event "Titled Tuesday Blitz November 15 Late 2022"]
[White "Baltaci, Ismail Tarik"]
[Black "Besedes, Danilo"]
[WhiteFideId "6365213"]
[BlackFideId "946796"]
[WhiteElo "2348"]
[BlackElo "2352"]
[Result "0-1"]
[Round "04"]
[TimeControl "180+1"]
[Date "2022.11.16"]
[WhiteClock "0:00:01"]
[BlackClock "0:00:42"]

1. Nf3 d6 2. d4 Nc6 3. e4 e5 4. Nc3 Bd7 5. Be3 Be7 6. Bc4 Nf6 7. h3 O-O 8. dxe5 dxe5 9. O-O a6 10. a4 Bd6 11. Qe2 h6 12. Rfd1 Re8 13. Nd5 Nh7 14. c3 Be6 15. b4 Ng5 16. Nxg5 hxg5 17. Qh5 f6 18. b5 Na5 19. Ba2 Bf7 20. Qf3 axb5 21. axb5 b6 22. Nb4 Qe7 23. Bxf7+ Qxf7 24. Nd5 Nc4 25. Qe2 Nxe3 26. Nxe3 Bc5 27. Nf5 Kh7 28. Qg4 g6 29. Ng3 Rxa1 30. Rxa1 Rd8 31. Ra7 Rd2 32. Nh1 Qd7 33. Qf3 Kg7 34. Ra8 Qd3 35. Qg4 Qd7 36. Qxd7+ Rxd7 37. Rc8 Kf7 38. Kh2 Ke7 39. f3 Bd6 40. Kg3 Rd8 41. Rxd8 Kxd8 42. Nf2 Bc5 43. Nd3 Be3 44. Kg4 Ke7 45. g3 Ke6 46. h4 gxh4 47. gxh4 f5+ 48. Kh3 Kf6 49. c4 Bd4 50. Kg2 Kg7 51. Kh3 Kh6 52. Kg3 Kh5 53. Ne1 Kh6 54. Nc2 Bc5 55. Ne1 Kg7 56. Nd3 Bd4 57. Nb4 Bc5 58. Nd5 Bd6 59. Kh3 Kf7 60. h5 fxe4 61. fxe4 gxh5 62. Kh4 Kg6 63. Kg3 Kg5 64. Kf3 h4 65. Ne3 Bc5 66. Nf5 h3 67. Kg3 h2 68. Kxh2 Kf4 69. Ng7 Kxe4 70. Ne6 Kd3 71. Nxc7 Kxc4 72. Kg3 e4 73. Kf4 Kd3 74. Nd5 e3 75. Kf3 Kd2 76. Nf4 Bd6 77. Ne2 Bh2 78. Nd4 Be5 79. Ne2 Bd6 80. Nd4 Bc5 81. Ne2 Kd3 82. Nf4+ Kc3 83. Nd5+ Kd3 84. Nf4+ Kc4 0-1


[Site "https://www.chess.com"]

[Event "Titled Tuesday Blitz November 15 Late 2022"]
[White "Baskakov, Egor"]
[Black "Sanal, Vahap"]
[WhiteFideId "24197866"]
[BlackFideId "6300545"]
[WhiteElo "2211"]
[BlackElo "2574"]
[Result "1-0"]
[Round "04"]
[TimeControl "180+1"]
[Date "2022.11.15"]
[WhiteClock "0:01:58"]
[BlackClock "0:01:47"]

1. e4 c5 2. Nf3 e6 3. Be2 a6 4. c4 d6 5. d4 cxd4 6. Nxd4 Nf6 7. Nc3 Be7 8. O-O O-O 9. Be3 b6 10. f4 Bb7 11. Bf3 Qc7 12. Rc1 Nbd7 13. Bf2 Rac8 14. Re1 Qb8 15. b3 Nc5 16. e5 dxe5 17. fxe5 Nfd7 18. b4 Nxe5 19. bxc5 Nxf3+ 20. Nxf3 bxc5 21. Rb1 Qc7 22. Bg3 Qc6 23. Na4 Bd8 24. Re2 Ba5 25. Ne5 Qc7 26. Ng6 Rfd8 27. Bxc7 1-0


[Site "https://www.chess.com"]

[Event "Titled Tuesday Blitz November 15 Late 2022"]
[White "Bazzano, Sebastian"]
[Black "Winterberg, Lukas"]
[WhiteFideId "104566"]
[BlackFideId "24622702"]
[WhiteElo "2268"]
[BlackElo "2349"]
[Result "0-1"]
[Round "04"]
[TimeControl "180+1"]
[Date "2022.11.16"]
[WhiteClock "0:00:01"]
[BlackClock "0:00:53"]

1. d4 Nf6 2. Bf4 g6 3. Nc3 Bg7 4. e4 O-O 5. Qd2 c5 6. d5 e6 7. O-O-O exd5 8. exd5 Qa5 9. Nf3 Ne4 10. Nxe4 Qxa2 11. Qe3 Qxb2+ 12. Kd2 Qb4+ 13. c3 Qb2+ 14. Ke1 f5 15. Ned2 Bxc3 16. Be2 Na6 17. Be5 Bxe5 18. Qxe5 Qxe5 19. Nxe5 Re8 20. f4 Nb4 21. Kf2 Nxd5 22. Bc4 Kg7 23. Bxd5 d6 24. Nec4 Be6 25. Bxe6 Rxe6 26. Nf3 b5 27. Nxd6 c4 28. Rhe1 Rxe1 29. Nxe1 a6 30. Nb7 Kh6 31. Nc5 a5 32. Nc2 Rc8 0-1


[Site "https://www.chess.com"]

[Event "Titled Tuesday Blitz November 15 Late 2022"]
[White "Beerdsen, Thomas"]
[Black "Gurevich, Dmitry"]
[WhiteFideId "1030108"]
[BlackFideId "2000407"]
[WhiteElo "2567"]
[BlackElo "2506"]
[Result "1/2-1/2"]
[Round "04"]
[TimeControl "180+1"]
[Date "2022.11.16"]
[WhiteClock "0:01:00"]
[BlackClock "0:00:16"]

1. e4 c5 2. Nf3 d6 3. d4 cxd4 4. Nxd4 Nf6 5. Nc3 Nc6 6. Nd5 Nxd5 7. exd5 Qa5+ 8. Bd2 Qxd5 9. Nb5 Qe6+ 10. Be2 Qd7 11. O-O a6 12. Nc3 e6 13. Na4 Qc7 14. Be3 Be7 15. Nb6 Rb8 16. c4 O-O 17. Rc1 Rd8 18. f4 Bd7 19. Bf3 Be8 20. a3 Bf6 21. Qd2 Ne7 22. Rfd1 Nc8 23. Nxc8 Rbxc8 24. Qf2 Qe7 25. Bb6 Rd7 26. b4 g6 27. g3 Qf8 28. Qg2 Qe7 29. Rc2 h5 30. a4 Rb8 31. a5 Qf8 32. Rcd2 Bd8 33. Bxd8 Rdxd8 34. Bxb7 Qe7 35. Bxa6 Qa7+ 36. c5 Qxa6 37. Rxd6 Rxd6 38. Rxd6 Qc4 39. Rb6 Rd8 40. Rd6 Rxd6 41. cxd6 Qxb4 42. Qa8 Kf8 43. Qd8 Qb5 44. a6 Qd7 45. Qc7 Qa4 46. a7 Qd1+ 47. Kf2 Qd2+ 48. Kf3 Qd3+ 49. Kf2 Qd2+ 50. Kf3 Qd3+ 51. Kf2 Qd2+ 1/2-1/2


[Site "https://www.chess.com"]

[Event "Titled Tuesday Blitz November 15 Late 2022"]
[White "Bogaudinov, Rushan"]
[Black "Young, Ryan"]
[WhiteFideId "4129288"]
[BlackFideId "2049945"]
[WhiteElo "1997"]
[BlackElo "2292"]
[Result "1/2-1/2"]
[Round "04"]
[TimeControl "180+1"]
[Date "2022.11.16"]
[WhiteClock "0:00:08"]
[BlackClock "0:00:08"]

1. d4 Nf6 2. Nf3 g6 3. g3 Bg7 4. Bg2 O-O 5. O-O d5 6. c4 dxc4 7. Nc3 c6 8. Ne5 Ng4 9. Nxg4 Bxg4 10. Be3 Be6 11. a4 Nd7 12. a5 Qc8 13. f3 Nf6 14. Bf2 Bh3 15. Qa4 Bxg2 16. Kxg2 c5 17. d5 Rd8 18. e4 b6 19. Qxc4 Nd7 20. f4 Nf8 21. Rfd1 e6 22. d6 e5 23. a6 exf4 24. gxf4 Qg4+ 25. Bg3 Ne6 26. e5 Rab8 27. Nb5 g5 28. h3 Qh5 29. f5 Nf4+ 30. Bxf4 gxf4 31. f6 Bh6 32. Qe4 Kh8 33. d7 Rg8+ 34. Kh2 Qh4 35. Qf3 Rg3 36. d8=Q+ Bf8 37. Qg2 Rxg2+ 38. Kxg2 Qg3+ 39. Kf1 Qxh3+ 40. Kf2 Qe3+ 41. Kf1 Qf3+ 42. Ke1 Qe3+ 43. Kf1 Qf3+ 44. Ke1 Qe3+ 45. Kf1 1/2-1/2


[Site "https://www.chess.com"]

[Event "Titled Tuesday Blitz November 15 Late 2022"]
[White "Bordi, Kevin"]
[Black "Dzierzak, Radoslaw"]
[WhiteFideId "621862"]
[BlackFideId "1161407"]
[WhiteElo "2803"]
[BlackElo "2111"]
[Result "0-1"]
[Round "04"]
[TimeControl "180+1"]
[Date "2022.11.16"]
[WhiteClock "0:00:18"]
[BlackClock "0:00:14"]

1. e4 c6 2. c4 d5 3. cxd5 cxd5 4. exd5 Nf6 5. Nc3 Nxd5 6. Nf3 Nc6 7. Bc4 e6 8. O-O Be7 9. d4 O-O 10. Re1 b6 11. Nxd5 exd5 12. Bb3 Bg4 13. Be3 Bf6 14. h3 Bh5 15. Rc1 Rc8 16. g4 Bg6 17. Qd2 Be4 18. Ng5 Bxg5 19. Bxg5 Qd6 20. Rc3 Na5 21. Bf4 Qd7 22. f3 Nxb3 23. axb3 Bg6 24. Rec1 Rxc3 25. bxc3 Qb5 26. b4 Re8 27. Re1 h6 28. Re5 Rxe5 29. dxe5 a5 30. bxa5 bxa5 31. Be3 a4 32. f4 Be4 33. Bd4 Qb1+ 34. Kh2 a3 35. c4 dxc4 36. f5 Qh1+ 37. Kg3 Qf3+ 38. Kh2 Qd3 39. Qc3 Qe2+ 40. Kg3 Qg2+ 41. Kf4 Bd5 42. e6 Qe4+ 43. Kg3 Qg2+ 44. Kf4 Qh2+ 45. Qg3 Qxg3+ 46. Kxg3 fxe6 47. fxe6 Bxe6 48. h4 g5 49. hxg5 hxg5 50. Kf3 Kf7 51. Be5 Ke7 52. Ke3 a2 53. Kd2 Bxg4 54. Kc1 Be2 55. Kb2 Bd3 56. Kxa2 Ke6 57. Bb8 Kf5 58. Kb2 Ke4 59. Kc3 Kf3 60. Kd2 g4 61. Ke1 Kg2 62. Be5 g3 63. Bd6 Kh3 64. Bc7 Kg2 65. Be5 Kf3 66. Bd6 g2 67. Bh2 c3 68. Bg1 Bf1 69. Bd4 c2 70. Kd2 Bd3 71. Bg1 Bf5 72. Bd4 Kg3 73. Bg1 Kg4 74. Kc1 Kg3 75. Kd2 Kg4 76. Kc1 Kh5 77. Kd2 Kg6 78. Kc1 Kf7 79. Be3 Ke6 80. Kd2 Kd5 81. Bg1 Kc4 82. Kc1 Kb3 83. Bf2 Kc4 84. Bg1 Kd3 85. Bb6 Ke2 86. Bc5 Kf1 87. Kd2 g1=Q 88. Bxg1 Kxg1 89. Kc1 Kf1 90. Kd2 Kf2 91. Kc1 Ke2 92. Kb2 Kd2 0-1


[Site "https://www.chess.com"]